 Dungeon Crawl Stone Soup version 0.31-a0-801-gc67433417a (webtiles) character file.

Game seed: 5003248758689221551

174 CrazyBamboolord the Changeling (level 5, 0/40 HPs)
             Began as a Draconian Shapeshifter on Sept 20, 2023.
             Killed from afar by a steam dragon (9 damage)
             ... with a ball of steam
             ... on level 4 of the Dungeon.
             The game lasted 00:04:05 (2526 turns).

CrazyBamboolord the Changeling (DrSh)               Turns: 2526, Time: 00:04:06

Health: 0/40       AC:  5    Str: 18    XL:     5   Next: 28%
Magic:  5/5        EV: 12    Int: 11    God:
Gold:   182        SH:  0    Dex: 10    Spells: 4/4 levels left

rFire   . .          .
                       - Unarmed
rCold   . . .        (no shield)
rNeg    . . .        (body armour unavailable)
rPois   .            (helmet currently unavailable)
rElec   .            (cloak currently unavailable)
rCorr   .            (gloves currently unavailable)
SInv    .            (boots currently unavailable)
Will    +....        (no amulet)
Stlth   +            k - ring of wizardry
HPRegen 0.26/turn    m - ring of willpower
MPRegen 0.09/turn

%: wizardry (x1)
@: beast-form, hasted, very quick
A: beast (slay +3), AC +5, unfitting armour, cold-blooded
a: Begin Untransformation


You were on level 4 of the Dungeon.
You were a hulking beast.
You visited 1 branch of the dungeon, and saw 4 of its levels.

You collected 230 gold pieces.
You spent 48 gold pieces at shops.

Inventory:

Armour
 e - a +0 hat
 r - a +0 pair of gloves
Jewellery
 k - a ring of wizardry (left hand)
 m - a ring of willpower (right hand)
Talismans
 b - a beast talisman (active)
 c - a flux talisman
Scrolls
 a - 2 scrolls of immolation
 f - a scroll of torment {unknown}
 g - 2 scrolls of vulnerability
 h - a scroll of teleportation {unknown}
 i - 2 scrolls of enchant armour {unknown}
 l - 2 scrolls of blinking {unknown}
 q - a scroll of enchant weapon {unknown}
Potions
 d - a potion of might
 p - a potion of cancellation {unknown}


   Skills:
 - Level 1.1 Fighting
 - Level 1.7 Dodging
 - Level 3.0 Unarmed Combat
 + Level 5.7 Shapeshifting


You had 4 spell levels left.
You didn't know any spells.
Your spell library contained the following spells:

 Spells                   Type           Power      Damage    Failure   Level
 Slow                     Hex            0%         N/A       14%         1
 Confusing Touch          Hex            0%         N/A       38%         3
 Sigil of Binding         Hex            0%         N/A       38%         3
 Vampiric Draining        Necr           0%         2d6       38%         3


Dungeon Overview and Level Annotations

Branches:
Dungeon (4/15)
 Temple: D:4-7

Altars:
Elyvilon
Okawaru
Qazlal
Sif Muna
Vehumet

Shops:
D:3 *


Innate Abilities, Weirdness & Mutations

You are a hulking beast.
Your limbs bulge with bestial killing power. (Slay +3)
Your plain brown scales are hard. (AC +5)
You cannot fit into any form of body armour.
You are cold-blooded and may be slowed by cold attacks.


Message History

The endoplasm barely misses you. The goblin hits you but does no damage.
The endoplasm freezes you.
You are frozen.
The goblin hits you but does no damage.
There is a stone staircase leading up, spattered with blood here.
The endoplasm freezes you.
You are frozen.
You feel yourself slow down. The steam dragon breathes steam at you.
The ball of steam hits you! The goblin hits you with a +0 dagger.
You climb upwards.
You feel yourself speed up.
There is a stone staircase leading down, spattered with blood here.
You hit the goblin.
You kill the goblin!
The endoplasm hits you but does no damage.
You see here a +0 dagger.
You punch the endoplasm!
You kill the endoplasm!
There is a stone staircase leading down here.
You start resting.
HP restored.
There is a stone staircase leading down here.
You climb downwards.
There is a stone staircase leading up, spattered with blood here.
Unknown command.
Found a scroll labelled ALONNU QETITIN.
An orc comes into view. It is wielding a +0 war axe.
The steam dragon breathes steam at you. The ball of steam hits you!
The steam dragon bites you. The steam dragon barely misses you.
The orc shouts!
You hit the steam dragon.
The steam dragon is moderately wounded.
The steam dragon breathes steam at you. The ball of steam hits you!!
Ouch! That really hurt!
* * * LOW HITPOINT WARNING * * *
It was a potion of haste.
You feel yourself speed up. The steam dragon breathes steam at you.
The ball of steam hits you!
You die...

#.........#
#.§§......#
#...>?....#
#..§......#
#§§§§§....#
###....[§...#
.......§§...####.
..§.§...hD§.....#
..§.§..§§.§.###..
..§.....§§..#
..)....<....#
.......##o#.....
..##$.. #.......
. ##[. ...###.?#
##. .#.# .## #. .
.# #


You could see a steam dragon (catching breath) and an orc.

Vanquished Creatures
  An orc priest (D:2)
  Natasha (D:3)
  4 adders
  2 dart slugs
  5 orcs (D:2)
  3 bats
  10 endoplasms
  3 giant cockroaches
  6 goblins
  4 hobgoblins
  9 jackals
  4 quokkas
  4 ball pythons
  2 frilled lizards (D:2)
  8 kobolds
  4 rats (D:3)
70 creatures vanquished.

Notes
Turn   | Place    | Note
-------+----------+-------------------------------------------
     0 | D:1      | CrazyBamboolord the Draconian Shapeshifter began the quest
                  | for the Orb.
     0 | D:1      | Reached XP level 1. HP: 16/16 MP: 1/1
   188 | D:1      | Reached XP level 2. HP: 20/23 MP: 2/2
   351 | D:1      | Found a faded altar of an unknown god.
   410 | D:1      | Reached skill level 4 in Shapeshifting
   723 | D:1      | Reached XP level 3. HP: 18/28 MP: 3/3
   925 | D:2      | Reached XP level 4. HP: 34/35 MP: 4/4
  1036 | D:2      | Reached skill level 5 in Shapeshifting
  1508 | D:3      | Found a radiant altar of Vehumet.
  1522 | D:3      | Found a shimmering blue altar of Sif Muna.
  1546 | D:3      | Identified the +9 mace "Muaguit" {elec, rC+}
  1561 | D:3      | Found Axeas's Assorted Antiques.
  1564 | D:3      | Bought a scroll labelled WEEXTA GOXT for 24 gold pieces
  1564 | D:3      | Bought a scroll labelled BOPROPIDERCH for 24 gold pieces
  1730 | D:3      | Found an iron altar of Okawaru.
  1771 | D:3      | Found a stormy altar of Qazlal.
  1903 | D:3      | Reached XP level 5. HP: 38/40 MP: 5/5
  2051 | D:3      | Found a white marble altar of Elyvilon.
  2387 | D:4      | Noticed Natasha
  2388 | D:4      | Noticed a steam dragon
  2413 | D:3      | Killed Natasha
  2526 | D:4      | Killed from afar by a steam dragon

Illustrated notes

Levels and vault maps discovered:
D:1:      roderic_crossed_star, layout_basic,
          dreamdust_ecumenical_altar_hidden_monk_grotto, corner_web_ring
D:2:      cheibrodos_pilgrimage, layout_basic
D:3:      layout_loops_ring, mainiacjoe_overflow_catch_the_wave,
          nicolae_elyvilon_temple_path, mainiacjoe_overflow_two_lobes,
          serial_shops, nicolae_shop_tiny_real_fake_doors,
          minmay_stone_trees_medium, dreamdust_mushroom_princess, minmay_unequal
D:4:      layout_rooms, serial_shops, kennysheep_mini, uniq_natasha

Skill      XL: |  1  2  3  4 |
---------------+-------------+-----
Shapeshifting  | 4 5 |  5.7
Fighting       | |  1.1
Dodging        | |  1.7
Unarmed Combat | |  3.0

Action                     |  1- 3 |  4- 6 || total
---------------------------+-------+-------++-------
  Melee: Unarmed           |    79 |   119 ||   198
         Tailslap          |     8 |     6 ||    14
    Use: Potion            |       |     3 ||     3
         Scroll            |       |     3 ||     3
   Stab: Sleeping          |     1 |       ||     1
 Armour: Skin              |    42 |    71 ||   113
  Dodge: Dodged            |    51 |    89 ||   140

Table legend: (Time is in decaauts)
 A = Elapsed time spent in this place.
 B = Non-inter-level travel time spent in this place.
 C = Inter-level travel time spent in this place.
 D = Time resting spent in this place.
 E = Time spent auto-exploring this place.
 F = Levels seen in this place.
 G = Mean time per level.
                   A        B        C        D        E       F      G
               +--------+--------+--------+--------+--------+-----+--------+
         Total |   2538 |   2382 |    156 |    101 |   1711 |   4 |  634.5 |
       Dungeon |   2538 |   2382 |    156 |    101 |   1711 |   4 |  634.5 |
               +--------+--------+--------+--------+--------+-----+--------+

Top non-repeatable levels by time:
     D:3: 1022 daAuts
     D:2: 779 daAuts
     D:1: 719 daAuts
     D:4: 17 daAuts
